 Dungeon Crawl Stone Soup version 0.20.2-3-g29329e0561 (webtiles) character file.

1281 Alfie the Cutter (level 8, -2/70 HPs)
             Began as a Hill Orc Fighter on Mar 2, 2023.
             Slain by Prince Ribbit (10 damage)
             ... on level 6 of the Dungeon.
             The game lasted 00:08:56 (3366 turns).

Alfie the Cutter (Hill Orc Fighter)                 Turns: 3366, Time: 00:08:56

Health: -2/70      AC:  7    Str: 19 (21) XL:     8   Next: 54%
Magic:  8/8        EV:  8    Int:  6 (8)  God:
Gold:   202        SH: 12    Dex:  8 (10) Spells: 7/7 levels left

rFire    . . .     SeeInvis .   a - +0 rapier
rCold    . . .     Gourm    .   c - +0 shield
rNeg     . . .     Faith    .   b - +0 scale mail
rPois    .         Spirit   .   (no helmet)
rElec    .         Reflect  +   (no cloak)
rCorr    .         Harm     .   (no gloves)
MR       .....                  (no boots)
Stlth    ..........             e - +3 amulet of reflection
Regen    0.3/turn               (no ring)
MPRegen  0.2/turn               (no ring)

@: no status effects
A: no striking features
a: no special abilities


You were on level 6 of the Dungeon.
You were not hungry.

You visited 1 branch of the dungeon, and saw 6 of its levels.

You collected 202 gold pieces.

Inventory:

Hand Weapons
 a - a +0 rapier (weapon)
Armour
 b - a +0 scale mail (worn)
 c - a +0 shield (worn)
Jewellery
 d - an uncursed ring of see invisible {unknown}
 e - a +3 amulet of reflection (around neck)
 p - an uncursed amulet of regeneration {unknown}
 u - an uncursed ring of protection from fire {unknown}
 v - an uncursed ring of ice {unknown}
Scrolls
 j - 2 scrolls of fear {unknown}
 l - 2 scrolls of enchant weapon {unknown}
 m - a scroll of immolation {unknown}
 n - 3 scrolls of teleportation {unknown}
 r - 4 scrolls of remove curse {unknown}
 w - a scroll of magic mapping {unknown}
 y - 2 scrolls of identify
 B - a scroll of recharging {unknown}
Potions
 g - a potion of brilliance {unknown}
 i - a potion of ambrosia
 k - a potion of cancellation
 o - a potion of berserk rage {unknown}
 q - a potion of curing {unknown}
 s - a potion of degeneration
 t - a potion of mutation {unknown}
 x - a potion of haste {unknown}
 A - a potion of resistance {unknown}
Comestibles
 f - 3 bread rations
 h - 4 meat rations
 z - a royal jelly


   Skills:
 + Level 5.7 Fighting
 + Level 7.1 Short Blades
 + Level 5.4 Armour
 + Level 1.9 Dodging
 + Level 0.3 Stealth
 + Level 5.5 Shields


You had 7 spell levels left.
You didn't know any spells.

Dungeon Overview and Level Annotations

Branches:
Dungeon (6/15)
 Temple: D:4-7

Altars:
Nemelex Xobeh

Shops:
D:5 [

Annotations:
D:6 Prince Ribbit


Message History

You hit Prince Ribbit.
Prince Ribbit is heavily wounded.
You block Prince Ribbit's attack.
You miss Prince Ribbit.
Prince Ribbit is heavily wounded.
Prince Ribbit blinks!
You puncture Prince Ribbit!
Prince Ribbit is severely wounded.
You block Prince Ribbit's attack.
Prince Ribbit blinks!
You hit Prince Ribbit but do no damage.
Prince Ribbit is severely wounded.
Prince Ribbit hits you.
* * * LOW HITPOINT WARNING * * *
You closely miss Prince Ribbit.
Prince Ribbit is severely wounded.
Prince Ribbit hits you but does no damage.
You closely miss Prince Ribbit.
Prince Ribbit is severely wounded.
Prince Ribbit hits you!
You die...

#######
#######...#.#
#....?.....#
..........##
#?..<......#
#<..# #.F.#
#@..# #>..#
#../# .......
#.#...### #.
...# .. ....
#. #..## #.
..#


You could see Prince Ribbit.

Vanquished Creatures
  The ghost of Alfie the Cutter, a novice HOFi (D:5)
  Sigmund (D:2)
  Menkaure (D:5)
  A sky beast (D:5)
  A black bear (D:4)
  A bullfrog (D:4)
  A howler monkey (D:4)
  An orc priest (D:3)
  A bullfrog skeleton (D:4)
  A centaur skeleton (D:4)
  An iguana (D:4)
  5 worker ants
  A hound skeleton (D:5)
  4 adders
  A shadow imp (D:4)
  An ooze (D:2)
  An adder skeleton (D:5)
  2 worms
  3 dart slugs
  6 leopard geckos
  8 orcs
  8 giant cockroaches
  6 goblins
  7 hobgoblins
  11 jackals
  11 kobolds
  4 quokkas
  2 ball python skeletons
  3 bats
  7 frilled lizards
  A leopard gecko skeleton (D:4)
  2 rats
105 creatures vanquished.

Notes
Turn   | Place    | Note
-------+----------+-------------------------------------------
     0 | D:1      | Alfie the Hill Orc Fighter began the quest for the Orb.
     0 | D:1      | Reached XP level 1. HP: 19/19 MP: 1/1
   298 | D:1      | Reached XP level 2. HP: 23/27 MP: 2/2
   502 | D:1      | Reached XP level 3. HP: 31/33 MP: 3/3
  1263 | D:2      | Reached XP level 4. HP: 40/40 MP: 4/4
  1372 | D:2      | Noticed Sigmund
  1384 | D:2      | Killed Sigmund
  1384 | D:2      | Reached skill level 4 in Short Blades
  1384 | D:2      | Reached skill level 1 in Dodging
  1384 | D:2      | Reached XP level 5. HP: 28/47 MP: 5/5
  1384 | D:2      | Reached XP level 6. HP: 32/53 MP: 6/6
  1437 | D:2      | Found a sparkling altar of Nemelex Xobeh.
  2371 | D:4      | Reached XP level 7. HP: 37/60 MP: 7/7
  2391 | D:4      | Reached skill level 5 in Short Blades
  2434 | D:4      | Reached skill level 5 in Fighting
  2705 | D:4      | Reached skill level 5 in Armour
  2823 | D:5      | Entered Level 5 of the Dungeon
  2853 | D:5      | Reached skill level 6 in Short Blades
  2935 | D:5      | Noticed Menkaure
  2942 | D:5      | Killed Menkaure
  2942 | D:5      | Reached skill level 5 in Shields
  2942 | D:5      | Reached XP level 8. HP: 28/68 MP: 8/8
  2955 | D:5      | Noticed Alfie's ghost (novice HOFi)
  2977 | D:5      | Killed Alfie's ghost
  2977 | D:5      | Reached skill level 7 in Short Blades
  2994 | D:5      | Found Xexiket's Antique Armour Emporium.
  3346 | D:6      | Noticed Prince Ribbit
  3366 | D:6      | Slain by Prince Ribbit

Skill      XL: |  1  2  3  4  5  6  7  8 |
---------------+-------------------------+-----
Fighting       | 4 5 |  5.7
Short Blades   | 4 6 7 |  7.1
Armour         | 4 5 |  5.4
Dodging        | 1 |  1.9
Shields        | 4 5 |  5.5
Stealth        | |  0.3

Action                   |  1- 3 |  4- 6 |  7- 9 || total
-------------------------+-------+-------+-------++-------
Melee: Rapier            |   162 |   158 |   197 ||   517
  Use: Potion            |       |     1 |     4 ||     5
       Scroll            |       |     2 |       ||     2
  Eat: Royal jelly       |     1 |     1 |       ||     2
       Chunk             |       |     1 |       ||     1
       Bread ration      |       |       |     1 ||     1
Armor: Scale mail        |    79 |    31 |    46 ||   156
Dodge: Dodged            |    50 |    27 |    51 ||   128
Block: Shield            |    73 |    58 |   102 ||   233
       Reflection        |       |     1 |       ||     1
